[Event "Team 45 45 League T42"]
[Site "Internet Chess Club"]
[Date "2009.08.16"]
[Round "3"]
[White "touchthis"]
[Black "Fezzik"]
[Result "0-1"]
[WhiteElo "1854"]
[BlackElo "2030"]
[Opening "Sicilian: wing gambit, Marshall variation"]
[ECO "B20"]
[Time "23:00:06"]
[TimeControl "2700+45"]

1. e4 c5 2. b4 cxb4 3. a3 d5 4. exd5 Qxd5 5. Nf3 e5 6. axb4 Bxb4 7. c3 Be7 8.
Na3 Nc6 9. Nb5 Qd8 10. d4 exd4 11. cxd4 Bg4 12. Be2 a6 13. Qa4 Bb4+ 14. Kf1 Nge7
15. Bb2 O-O 16. Na3 Nd5 17. h3 Bf5 18. Qd1 Re8 19. g3 Be4 20. Kg2 Bc3 21. Bxc3
Nxc3 22. Qd2 Nxe2 23. Qxe2 Nxd4 {White resigns} 0-1

[Event "Team 45 45 League T42"]
[Site "Internet Chess Club"]
[Date "2009.08.18"]
[Round "3"]
[White "AronT"]
[Black "chessateer"]
[Result "1-0"]
[WhiteElo "1982"]
[BlackElo "1823"]
[Opening "Queen's gambit accepted"]
[ECO "D20"]
[Time "08:00:08"]
[TimeControl "2700+45"]

1. d4 d5 2. c4 dxc4 3. e3 e5 4. Bxc4 exd4 5. exd4 Bd6 6. Nf3 Nf6 7. O-O O-O 8.
Nc3 Nc6 9. Bg5 h6 10. Bh4 Bf5 11. Re1 g5 12. Bg3 Bxg3 13. hxg3 Qd7 14. Ne5 Qxd4
15. Nxc6 Qxd1 16. Ne7+ Kh8 17. Raxd1 Bh7 18. Ned5 Ne8 19. Re7 Rc8 20. Bd3 a6 21.
Bxh7 Kxh7 22. Rde1 Kg7 23. Ne4 b5 24. Nc5 Kg6 25. Nd7 Rg8 26. Ne5+ Kg7 27. Rxf7+
Kh8 28. Ne7 Nd6 29. Nxc8 Nxf7 30. Nxf7+ Kg7 31. Re7 Rxc8 32. Nd6+ Kg6 33. Nxc8
{Black resigns} 1-0

[Event "Team 45 45 League T42"]
[Site "Internet Chess Club"]
[Date "2009.08.14"]
[Round "3"]
[White "RandyPCC"]
[Black "civilization"]
[Result "1-0"]
[WhiteElo "1899"]
[BlackElo "1637"]
[Opening "Old Indian defense"]
[ECO "A42"]
[Time "20:09:18"]
[TimeControl "2700+45"]

1. d4 d6 2. c4 e5 3. dxe5 dxe5 4. Qxd8+ Kxd8 5. Nc3 Be6 6. e4 c6 7. Nf3 f6 8.
Be2 Nd7 9. O-O g6 10. Rd1 Kc7 11. a3 Bh6 12. Nd2 Rd8 13. b4 Ne7 14. a4 b6 15. a5
Ra8 16. Nb3 Bxc1 17. Raxc1 Rhd8 18. Nd5+ Bxd5 19. cxd5 Kb7 20. a6+ Kc8 21. dxc6
Nf8 22. Rxd8+ Kxd8 23. b5 Kc7 24. Nd2 Rd8 25. Nc4 Ne6 26. Bg4 Nd4 27. Rd1 h5 28.
Bd7 Ndxc6 29. bxc6 Nxc6 30. Nd6 Rxd7 31. Ne8+ Kd8 32. Rxd7+ Kxd7 33. Nxf6+ Ke6
34. Nd5 Kd6 35. Kf1 Ne7 36. Nxb6 Kc6 37. Nc4 Kb5 38. Nxe5 Kxa6 39. Ke2 Kb6 40.
Kd2 Kc5 41. Kc3 Kd6 42. f4 Ke6 43. h4 Kf6 44. Kc4 Nc8 45. Kc5 Nb6 46. Nc6 Na4+
47. Kb4 Nb2 48. Kc3 Nd1+ 49. Kd2 Nf2 50. Ke3 Ng4+ 51. Kd4 a6 52. Kc5 Ne3 53. e5+
Ke6 54. Nd4+ Ke7 55. g3 Nf1 56. Ne2 Ne3 57. Kb6 Ke6 58. Kxa6 Ng2 59. Kb6 Ne3 60.
Kc5 Ng4 61. Nd4+ Ke7 62. Kc6 Nh2 63. Kd5 Nf1 64. Ne2 Ne3+ 65. Ke4 Ng4 66. f5
gxf5+ 67. Kxf5 Ne3+ 68. Ke4 Ng4 69. Nf4 Nf2+ 70. Kf3 Ng4 71. Ke4 Nf2+ 72. Kf5
Nh1 73. Nxh5 Nf2 74. g4 Nd1 75. Nf4 Ne3+ 76. Kg5 Nc4 77. e6 Ne3 78. h5 Nd5
{Black resigns} 1-0

[Event "Team 45 45 League T42"]
[Site "Internet Chess Club"]
[Date "2009.08.16"]
[Round "3"]
[White "Gwyddbwyll"]
[Black "Concordborn"]
[Result "1-0"]
[WhiteElo "1737"]
[BlackElo "1622"]
[Opening "Sicilian: Smith-Morra gambit"]
[ECO "B21"]
[Time "10:02:23"]
[TimeControl "2700+45"]

1. e4 c5 2. d4 cxd4 3. c3 dxc3 4. Nxc3 Nc6 5. Nf3 e6 6. Bc4 a6 7. O-O Nge7 8.
Be3 b5 9. Bd3 Ng6 10. Ne2 Be7 11. Rc1 Bb7 12. a4 b4 13. Ng3 O-O 14. Be2 a5 15.
Qd2 Nce5 16. Nxe5 Nxe5 17. f4 Ng6 18. Rfd1 d5 19. e5 Rc8 20. Rxc8 Qxc8 21. Bb5
Bc5 22. Rc1 Bxe3+ 23. Qxe3 d4 24. Qd2 Qd8 25. Bd3 Qd7 26. b3 Rc8 27. Rxc8+ Qxc8
28. Bxg6 fxg6 29. Ne2 Bd5 30. Nxd4 Qc3 31. Qxc3 bxc3 32. Kf2 c2 33. Nxc2 Bxb3
34. Nd4 Bd5 35. g3 Kf7 36. Ke3 Ke7 37. Kd3 Kd7 38. Kc3 Kc7 39. Nb5+ Kb6 40. Kd4
Bc6 41. Nc3 h5 42. h4 Bf3 43. Kc4 Kc6 44. Kb3 Kc5 45. Nb5 Bd1+ 46. Ka3 Kd5
{Black resigns} 1-0

[Event "Team 45 45 League T42"]
[Site "Internet Chess Club"]
[Date "2009.08.16"]
[Round "3"]
[White "HumanTornado"]
[Black "KaMi62"]
[Result "1/2-1/2"]
[WhiteElo "1890"]
[BlackElo "1844"]
[Opening "French: Winawer, advance variation"]
[ECO "C16"]
[Time "20:00:21"]
[TimeControl "2700+45"]

1. e4 e6 2. d4 d5 3. Nc3 Bb4 4. e5 Ne7 5. Bd2 b6 6. a3 Bxc3 7. Bxc3 Ba6 8. Ne2
c5 9. dxc5 bxc5 10. b4 Qc7 11. bxc5 Qxc5 12. Bb4 Qc8 13. Nd4 Nbc6 14. Bxa6 Qxa6
15. Nxc6 Nxc6 16. Bd6 Qc4 17. Qd3 Na5 18. O-O Qxd3 19. cxd3 Nb7 20. Bb4 Kd7 21.
Rfc1 Rhc8 22. Kf1 a5 23. Bd2 Nc5 24. Ke2 Nb3 25. Rxc8 Rxc8 26. Ra2 Nc1+ 27. Bxc1
Rxc1 28. Kd2 Rb1 29. Kc2 {Game drawn by mutual agreement} 1/2-1/2

[Event "Team 45 45 League T42"]
[Site "Internet Chess Club"]
[Date "2009.08.15"]
[Round "3"]
[White "az2112"]
[Black "BigW"]
[Result "0-1"]
[WhiteElo "1706"]
[BlackElo "1910"]
[Opening "Ruy Lopez: 5.O-O"]
[ECO "C78"]
[Time "12:00:07"]
[TimeControl "2700+45"]

1. e4 e5 2. Nf3 Nc6 3. Bb5 Nf6 4. O-O a6 5. Ba4 b5 6. Bb3 Bc5 7. c3 d6 8. a4 Bg4
9. d3 O-O 10. h3 Bh5 11. Bg5 Rb8 12. axb5 axb5 13. Nbd2 h6 14. Bh4 b4 15. Ra6
Bb6 16. Bd5 Ne7 17. Bxf6 gxf6 18. Bb3 Kh8 19. Qc1 Rg8 20. Nc4 Qf8 21. Ne1 Bc5
22. Kh1 Be2 23. Ne3 Bxe3 24. Qxe3 Bxf1 25. Bxf7 Qxf7 26. Qxh6+ Qh7 27. Qxf6+ Rg7
28. cxb4 Bxg2+ 29. Nxg2 Qxh3+ 30. Kg1 Qxg2# {White checkmated} 0-1

[Event "Team 45 45 League T42"]
[Site "Internet Chess Club"]
[Date "2009.08.15"]
[Round "3"]
[White "monsterpawn"]
[Black "Chess2Play"]
[Result "1-0"]
[WhiteElo "1821"]
[BlackElo "1691"]
[Opening "QGD: Tarrasch defense"]
[ECO "D32"]
[Time "14:10:36"]
[TimeControl "2700+45"]

1. d4 d5 2. c4 e6 3. Nc3 c5 4. cxd5 exd5 5. Nf3 Nc6 6. Bf4 Bf5 7. e3 Nf6 8. Bb5
Bd6 9. Bg5 a6 10. Bxf6 gxf6 11. dxc5 Bxc5 12. Bd3 Bg4 13. h3 Bh5 14. g4 Bg6 15.
Bxg6 fxg6 16. O-O d4 17. exd4 Nxd4 18. Re1+ Kf8 19. Nxd4 Bxd4 20. Qf3 Bxc3 21.
bxc3 Rb8 22. Rad1 Qb6 23. Qf4 Rd8 24. Qb4+ Qxb4 25. Rxd8+ Kg7 26. Rd7+ Kh6 27.
cxb4 {Black resigns} 1-0

[Event "Team 45 45 League T42"]
[Site "Internet Chess Club"]
[Date "2009.08.17"]
[Round "3"]
[White "dscvdchk"]
[Black "vaknight"]
[Result "1-0"]
[WhiteElo "1614"]
[BlackElo "1695"]
[Opening "Dutch"]
[ECO "A80"]
[Time "18:00:23"]
[TimeControl "2700+45"]

1. d4 f5 2. Nf3 Nf6 3. Nc3 e6 4. g3 Be7 5. Bg2 O-O 6. O-O c6 7. a3 d5 8. Ne5 Qe8
9. e3 Kh8 10. f4 Rg8 11. Kh1 Nbd7 12. Qe2 h6 13. Rg1 g5 14. Bd2 gxf4 15. gxf4
Nxe5 16. fxe5 Bd7 17. exf6 Bxf6 18. Bf3 Qe7 19. Rxg8+ Rxg8 20. Rg1 e5 21. Rxg8+
Kxg8 22. Qg2+ Kh7 23. dxe5 Bxe5 24. Bh5 Qf6 25. Be1 Qe6 26. Bd2 Qf6 27. Be1 Qe6
28. Bd2 Qf6 29. Nd1 c5 30. c3 Bc6 31. Kg1 Qg5 32. Qxg5 hxg5 33. h3 Kh6 34. Bf3
Kg6 35. b3 Kf6 36. Nf2 Ke6 37. Nd3 Bd6 38. Kf2 Be7 39. a4 Kd6 40. Ke2 b6 41. Be1
Bf6 42. Bg3+ Ke6 43. Kd2 {Black resigns} 1-0

[Event "Team 45 45 League T42"]
[Site "Internet Chess Club"]
[Date "2009.08.15"]
[Round "3"]
[White "viking99"]
[Black "avila"]
[Result "1/2-1/2"]
[WhiteElo "1814"]
[BlackElo "1748"]
[Opening "French: Winawer, advance, Bogolyubov variation"]
[ECO "C17"]
[Time "12:02:18"]
[TimeControl "2700+45"]

1. e4 e6 2. d4 d5 3. Nc3 Bb4 4. e5 c5 5. Bd2 cxd4 6. Nb5 Bxd2+ 7. Qxd2 Nc6 8.
Nd6+ Kf8 9. f4 f6 10. Nf3 Nge7 11. Bd3 Rb8 12. O-O Bd7 13. Rae1 Nc8 14. Nxc8
Rxc8 15. f5 exf5 16. e6 Be8 17. Bxf5 Qe7 18. Nxd4 Nxd4 19. Qxd4 Qc5 20. e7+ Kf7
21. Be6+ Kg6 22. Qxc5 Rxc5 23. Rf2 h5 24. Re3 h4 25. Rf4 Rh5 26. Rg4+ Rg5 27.
Rxh4 Rxc2 28. g4 Re5 29. Bf5+ Kf7 30. Rxe5 Rc1+ 31. Kf2 fxe5 32. g5 Kxe7 33. Rb4
Bc6 34. h4 Rc4 35. Rxc4 dxc4 36. h5 b5 37. Ke3 a5 38. Kd2 b4 39. a3 e4 40. axb4
axb4 41. h6 gxh6 42. gxh6 Kf6 43. Be6 Bb5 44. Bd5 Kg6 45. Bxe4+ Kxh6 46. Bc2 c3+
47. bxc3 bxc3+ 48. Kxc3 {Game drawn because neither player has mating material}
1/2-1/2

[Event "Team 45 45 League T42"]
[Site "Internet Chess Club"]
[Date "2009.08.13"]
[Round "3"]
[White "vkpanch"]
[Black "Kingofknights"]
[Result "1-0"]
[WhiteElo "1676"]
[BlackElo "1726"]
[Opening "Caro-Kann: advance variation"]
[ECO "B12"]
[Time "21:00:25"]
[TimeControl "2700+45"]

1. e4 c6 2. d4 d5 3. e5 Bf5 4. g4 Bd7 5. f4 e6 6. Nf3 c5 7. c3 Nc6 8. a3 Be7 9.
Be3 Qb6 10. b4 cxd4 11. cxd4 f6 12. Nbd2 fxe5 13. fxe5 g5 14. Nb3 Nh6 15. Nxg5
Nxe5 16. h3 Nc4 17. Bxc4 dxc4 18. Nc5 Qd6 19. Nge4 Qd5 20. Bxh6 b6 21. Qf3 bxc5
22. Rf1 O-O-O 23. dxc5 Bc6 24. Nd2 Bh4+ 25. Ke2 Qxd2+ 26. Bxd2 Bxf3+ 27. Rxf3 e5
28. Bc3 e4 29. Rf7 Rd3 30. Bxh8 c3 31. Rd1 Rxh3 32. Bf6 Rh2+ 33. Ke3 Bxf6 34.
Rxf6 Rh3+ 35. Kxe4 c2 36. Rc1 Rxa3 37. Rxc2 Rb3 38. Rc4 Rg3 39. Kf4 Rg1 40. c6
a6 41. Kg5 Kc7 42. Rf7+ Kb6 43. Rb7# {Black checkmated} 1-0

[Event "Team 45 45 League T42"]
[Site "Internet Chess Club"]
[Date "2009.08.13"]
[Round "3"]
[White "Marichan"]
[Black "natethegreat"]
[Result "0-1"]
[WhiteElo "1928"]
[BlackElo "1951"]
[Opening "Sicilian: Kan, 5.Nc3"]
[ECO "B43"]
[Time "18:00:14"]
[TimeControl "2700+45"]

1. e4 c5 2. Nf3 e6 3. d4 cxd4 4. Nxd4 a6 5. Nc3 Qc7 6. Bd2 Nf6 7. Bd3 Be7 8. O-O
d6 9. Be3 O-O 10. f4 b5 11. a3 Bb7 12. f5 e5 13. Nb3 Nbd7 14. g4 h6 15. h4 Nh7
16. Qe1 Nc5 17. Nxc5 dxc5 18. Nd5 Bxd5 19. exd5 c4 20. Be4 Rad8 21. Qg3 Nf6 22.
Qf3 Nxe4 23. Qxe4 Bxh4 24. Kg2 Qd6 25. Rad1 Qf6 26. Rh1 Bg5 27. Bxg5 Qxg5 28.
Kf3 Qe7 29. Rh5 f6 30. Rh2 Qb7 31. Rhd2 Rd7 32. d6 Qxe4+ 33. Kxe4 Rfd8 34. Rd5
Kf7 35. R1d2 Rc8 36. Rd1 Rc6 37. c3 Ke8 38. R5d2 Kd8 39. Rd5 Kc8 40. R5d2 Kb7
41. Rd5 Rb6 42. Rxe5 fxe5 43. Kxe5 Kc6 44. Ke6 Rb8 45. f6 Re8+ 46. Kf5 Rf8 47.
Kg6 Rxf6+ {White resigns} 0-1

[Event "Team 45 45 League T42"]
[Site "Internet Chess Club"]
[Date "2009.08.18"]
[Round "3"]
[White "Caminator"]
[Black "DaveTheRook"]
[Result "1/2-1/2"]
[WhiteElo "1860"]
[BlackElo "1691"]
[Opening "King's Indian: Larsen variation"]
[ECO "E90"]
[Time "18:51:59"]
[TimeControl "2700+45"]

1. e4 g6 2. d4 d6 3. Nf3 Bg7 4. c4 Nf6 5. Nc3 O-O 6. Be3 Nbd7 7. Bd3 c6 8. O-O
Qc7 9. Nd2 e5 10. d5 a6 11. f3 c5 12. a4 Nh5 13. Rb1 Nf4 14. Bc2 Nf6 15. Nb3 b6
16. Qd2 Bd7 17. Bxf4 exf4 18. Qxf4 Nh5 19. Qd2 Rae8 20. Nc1 Bd4+ 21. Kh1 Qd8 22.
N1e2 Bg7 23. b3 Qh4 24. Qe1 Qf6 25. Qd2 Qh4 26. Qe1 Qf6 27. Qd2 Qh4 28. Qe1
{Game drawn by repetition} 1/2-1/2

[Event "Team 45 45 League T42"]
[Site "Internet Chess Club"]
[Date "2009.08.13"]
[Round "3"]
[White "Pason"]
[Black "adh2050"]
[Result "0-1"]
[WhiteElo "2049"]
[BlackElo "2024"]
[Opening "QGD: Cambridge Springs defense"]
[ECO "D52"]
[Time "11:08:01"]
[TimeControl "2700+45"]

1. d4 Nf6 2. Nf3 d5 3. c4 c6 4. Nc3 e6 5. Bg5 Nbd7 6. e3 Qa5 7. Bf4 Bb4 8. Qb3
Ne4 9. Rc1 O-O 10. Bd3 f5 11. O-O Be7 12. cxd5 exd5 13. Nxe4 fxe4 14. Bxe4 Qb6
15. Bc2 Nf6 16. Ne5 Be6 17. h3 Nh5 18. Bh2 Bd6 19. f4 Bxe5 20. dxe5 g6 21. Qxb6
axb6 22. a3 Ng7 23. g4 h5 24. Bd1 c5 25. Bf3 Rad8 26. Rfd1 hxg4 27. hxg4 Rd7 28.
Bg3 Ne8 29. Kg2 Nc7 30. Bh4 d4 31. Bf6 Nd5 32. Bxd5 Bxd5+ 33. Kf2 Bb3 34. Rd2
dxe3+ 35. Kxe3 Rxd2 36. Kxd2 Be6 37. Rh1 Bxg4 38. Rh8+ Kf7 39. Rh7+ Ke6 40. Rxb7
Kd5 41. Rxb6 Re8 42. Ke3 Bf5 43. b3 Re6 44. Rb8 Rc6 45. Rd8+ Ke6 46. a4 Rb6 47.
a5 Rxb3+ 48. Kd2 c4 49. Rd6+ Kf7 50. Rb6 c3+ 51. Kc1 Ra3 52. Rb7+ Ke6 53. Rb6+
Kd5 54. Rb5+ Kc4 55. Rb1 Rxa5 56. e6 Bxb1 57. e7 Bd3 {White resigns} 0-1

[Event "Team 45 45 League T42"]
[Site "Internet Chess Club"]
[Date "2009.08.14"]
[Round "3"]
[White "Gregorio"]
[Black "alastorx"]
[Result "1/2-1/2"]
[WhiteElo "2023"]
[BlackElo "1902"]
[Opening "English opening: Agincourt variation"]
[ECO "A13"]
[Time "22:00:25"]
[TimeControl "2700+45"]

1. c4 e6 2. Nf3 d5 3. g3 c5 4. Bg2 Nc6 5. O-O Nf6 6. cxd5 exd5 7. d3 Be7 8. Nc3
O-O 9. Bf4 a6 10. Rc1 Be6 11. Na4 c4 12. dxc4 dxc4 13. Ng5 Bg4 14. Bxc6 bxc6 15.
f3 Bd7 16. Rxc4 Nd5 17. Ne4 Bh3 18. Re1 Nxf4 19. gxf4 Qd5 20. Nb6 Qb5 21. Qb3
Rad8 22. Qxb5 cxb5 23. Rc7 Bb4 24. Rec1 Be6 25. a3 Ba5 26. R7c6 Rb8 27. Rxe6
Bxb6+ 28. Rxb6 Rxb6 29. Rc7 Rd8 30. Kf2 Kf8 31. Ng5 h6 32. Nxf7 Rd2 33. Ne5 Re6
34. Rc8+ Re8 35. Ng6+ Kf7 36. Ne5+ Kf8 37. Ng6+ Kf7 38. Ne5+ Kf8 39. Ng6+ {Game
drawn by repetition} 1/2-1/2

[Event "Team 45 45 League T42"]
[Site "Internet Chess Club"]
[Date "2009.08.15"]
[Round "3"]
[White "Egmont"]
[Black "GabGag"]
[Result "0-1"]
[WhiteElo "1779"]
[BlackElo "1982"]
[Opening "Petrov's defense"]
[ECO "C42"]
[Time "05:01:08"]
[TimeControl "2700+45"]

1. e4 e5 2. Nf3 Nf6 3. Bd3 Nc6 4. c3 d5 5. exd5 Qxd5 6. Bc2 Bg4 7. h3 Bh5 8. d3
O-O-O 9. Bg5 Bg6 10. O-O Bxd3 11. Bb3 Qc5 12. Re1 e4 13. Be3 Qe7 14. Ng5 Ne5 15.
f4 exf3 16. Nxf3 Be4 17. Nbd2 Nxf3+ 18. gxf3 Bc6 19. Qe2 Nd5 20. Bd4 Qg5+ 21.
Qg2 Qxg2+ 22. Kxg2 Nf4+ 23. Kg3 Bd6 24. Ne4 Ne2+ 25. Kg2 Nxd4 26. Nxd6+ Rxd6 27.
cxd4 Rxd4 28. Rad1 Rxd1 29. Rxd1 f6 30. Be6+ Kb8 31. Kg3 b6 32. b3 a5 33. a4 Re8
34. Bc4 Re3 35. Rd3 Rxd3 36. Bxd3 Bd5 37. Bc2 c6 {White resigns} 0-1

[Event "Team 45 45 League T42"]
[Site "Internet Chess Club"]
[Date "2009.08.18"]
[Round "3"]
[White "Harmonicus"]
[Black "BrerRabbit"]
[Result "1-0"]
[WhiteElo "1860"]
[BlackElo "1565"]
[Opening "Pirc: 150 attack"]
[ECO "B07"]
[Time "19:00:59"]
[TimeControl "2700+45"]

1. e4 d6 2. d4 Nf6 3. Nc3 g6 4. Be3 c6 5. Qd2 b5 6. Bd3 Nbd7 7. h3 e5 8. Nf3 Bb7
9. O-O-O Bg7 10. Bh6 O-O 11. Bxg7 Kxg7 12. Kb1 Re8 13. dxe5 dxe5 14. g4 Nc5 15.
Qe3 Qe7 16. Rhg1 b4 17. Ne2 Nxd3 18. cxd3 Nd7 19. Ng3 c5 20. h4 f6 21. h5 Nf8
22. Nh4 Bc8 23. f3 Be6 24. hxg6 hxg6 25. Ngf5+ Bxf5 26. gxf5 g5 27. Ng2 Nd7 28.
f4 exf4 29. Nxf4 Kf7 30. Qf3 Qd6 31. Ng6 Ne5 32. Qh5 Nxg6 33. Qh7+ Kf8 34. fxg6
Qe6 35. g7+ Ke7 36. g8=Q+ Kd6 37. Qxe6+ Kxe6 38. Qf5+ {Black resigns} 1-0

[Event "Team 45 45 League T42"]
[Site "Internet Chess Club"]
[Date "2009.08.16"]
[Round "3"]
[White "BadHabitMarco"]
[Black "SlimeDog2"]
[Result "0-1"]
[WhiteElo "2014"]
[BlackElo "2228"]
[Opening "Petrov: classical attack, Marshall variation"]
[ECO "C42"]
[Time "20:32:25"]
[TimeControl "2700+45"]

1. e4 e5 2. Nf3 Nf6 3. Nxe5 d6 4. Nf3 Nxe4 5. d4 d5 6. Bd3 Bd6 7. O-O O-O 8. c4
c6 9. Nc3 Nxc3 10. bxc3 dxc4 11. Bxh7+ Kxh7 12. Ng5+ Kg6 13. h4 Rh8 14. Nh3 Bxh3
15. gxh3 Qxh4 {White resigns} 0-1

[Event "Team 45 45 League T42"]
[Site "Internet Chess Club"]
[Date "2009.08.13"]
[Round "3"]
[White "Despair"]
[Black "koni"]
[Result "1/2-1/2"]
[WhiteElo "1964"]
[BlackElo "1974"]
[Opening "Clemenz (Mead's, Basman's or de Klerk's) opening"]
[ECO "A00"]
[Time "02:00:55"]
[TimeControl "2700+45"]

1. h3 e5 2. b3 d5 3. g4 Nc6 4. Bg2 Be6 5. Bb2 h5 6. Nc3 hxg4 7. hxg4 Rxh1 8.
Bxh1 Qh4 9. Bxd5 Bxd5 10. Nxd5 Qh1 11. Nxc7+ Kd7 12. Kf1 Kxc7 13. e3 Nf6 14. d3
Rd8 15. g5 Nd5 16. a3 Be7 17. Qf3 Qxf3 18. Nxf3 f6 19. Ke2 Rh8 20. c4 Nb6 21.
Rg1 Nd7 22. b4 a5 23. b5 Nd8 24. d4 exd4 25. gxf6 Bxf6 26. Nxd4 Nc5 27. Ba1 b6
28. Nf5 Bxa1 29. Rxa1 g6 30. Ne7 g5 31. Ng6 Re8 32. Rg1 Nde6 33. Rg4 Kd6 34. f3
Nd7 35. Rg1 Nf6 36. e4 Kc5 37. Kd3 Rd8+ 38. Kc3 g4 39. e5 Nh5 40. Rxg4 Rd4 41.
Rxd4 Nxd4 42. Nf8 Ne2+ 43. Kd2 Nef4 44. Kc3 Ne2+ 45. Kd2 {Game drawn by mutual
agreement} 1/2-1/2

[Event "Team 45 45 League T42"]
[Site "Internet Chess Club"]
[Date "2009.08.15"]
[Round "3"]
[White "Paulkov"]
[Black "matein7"]
[Result "1-0"]
[WhiteElo "1982"]
[BlackElo "1879"]
[Opening "Scandinavian defense"]
[ECO "B01"]
[Time "11:00:39"]
[TimeControl "2700+45"]

1. e4 d5 2. exd5 Nf6 3. d4 Bg4 4. f3 Bf5 5. Bb5+ Nbd7 6. Nc3 a6 7. Bd3 Bxd3 8.
Qxd3 Nb6 9. Nh3 Nbxd5 10. O-O e6 11. Ne4 Be7 12. c4 Nb4 13. Qc3 Nc6 14. Be3 O-O
15. Rad1 Bb4 16. Qb3 a5 17. d5 exd5 18. cxd5 Ne5 19. Bg5 Be7 20. Bxf6 gxf6 21.
d6 cxd6 22. Nf4 f5 23. Ng3 a4 24. Qc2 Qb6+ 25. Kh1 Ra5 26. Nd5 Rxd5 27. Rxd5 f4
28. Nf5 Bf6 29. Rxd6 Qb5 30. Rfd1 Bg5 31. R6d5 Qe8 32. Qc7 Bf6 33. Nd6 Qe6 34.
Ne4 Bg7 35. Rd8 b5 36. Rxf8+ Bxf8 37. h3 Nc4 38. Qxf4 Nxb2 39. Rd5 Bh6 40. Rd8+
Kg7 41. Qb8 Be3 42. Rg8+ Kh6 43. Qf8+ Kh5 44. Qg7 Qg6 45. Qe5+ f5 46. Rxg6 hxg6
{Black resigns} 1-0

[Event "Team 45 45 League T42"]
[Site "Internet Chess Club"]
[Date "2009.08.15"]
[Round "3"]
[White "fishhead"]
[Black "SneakyRed"]
[Result "0-1"]
[WhiteElo "1853"]
[BlackElo "1886"]
[Opening "Caro-Kann: two knights, 3...Bg4"]
[ECO "B10"]
[Time "15:00:53"]
[TimeControl "2700+45"]

1. e4 c6 2. Nf3 d5 3. Nc3 Bg4 4. h3 Bxf3 5. Qxf3 e6 6. d3 Nd7 7. Bf4 Ne7 8. g4
Ng6 9. Bg3 Qb6 10. O-O-O Nge5 11. Qe2 d4 12. Nb1 c5 13. Nd2 Be7 14. f4 Nc6 15.
e5 Nb4 16. a3 Na2+ {White resigns} 0-1

[Event "Team 45 45 League T42"]
[Site "Internet Chess Club"]
[Date "2009.08.17"]
[Round "3"]
[White "Uwak"]
[Black "easycure"]
[Result "1-0"]
[WhiteElo "2406"]
[BlackElo "2364"]
[Opening "French: Tarrasch, closed variation"]
[ECO "C05"]
[Time "22:00:15"]
[TimeControl "2700+45"]

1. e4 e6 2. d4 d5 3. Nd2 Nf6 4. e5 Nfd7 5. f4 c5 6. c3 Nc6 7. Ndf3 Qb6 8. Ne2 f6
9. g3 cxd4 10. Nexd4 fxe5 11. fxe5 Nxd4 12. cxd4 Bb4+ 13. Kf2 O-O 14. Kg2 Be7
15. Bd3 Rf7 16. Rf1 Nf8 17. Qe2 Bd7 18. Be3 Rc8 19. h4 a6 20. Rfc1 Rc6 21. a3
Be8 22. b4 Bd8 23. Rxc6 Bxc6 24. Rc1 Rc7 25. Bg5 Bxg5 26. Nxg5 h6 27. Qf3 Rc8
28. Qf7+ Kh8 29. Nxe6 Nxe6 30. Qf5 {Black resigns} 1-0

[Event "Team 45 45 League T42"]
[Site "Internet Chess Club"]
[Date "2009.08.14"]
[Round "3"]
[White "jorobo"]
[Black "Kolibri"]
[Result "1/2-1/2"]
[WhiteElo "2181"]
[BlackElo "2088"]
[Opening "English: Anglo-Grünfeld defense"]
[ECO "A16"]
[Time "14:02:52"]
[TimeControl "2700+45"]

1. c4 Nf6 2. Nc3 d5 3. cxd5 Nxd5 4. g3 c6 5. Bg2 g6 6. d3 Bg7 7. Bd2 O-O 8. Qc1
e5 9. h4 h5 10. Nf3 Re8 11. O-O Nd7 12. Bh6 N7f6 13. Bxg7 Kxg7 14. Qg5 Nxc3 15.
bxc3 e4 16. Ne5 exd3 17. exd3 Nd5 18. Qxd8 Rxd8 19. Rac1 Bf5 20. Rfd1 Rac8 21.
d4 f6 22. Nc4 Kf7 23. Re1 Rc7 24. Ne3 Be6 25. a3 b6 26. c4 Nxe3 27. fxe3 Bg4 28.
Kf2 Re8 29. e4 c5 30. d5 Rd7 31. Rc3 Rd6 32. Bf3 Bc8 33. Bd1 Ba6 34. g4 hxg4 35.
Bxg4 Re5 36. Be6+ Kg7 37. a4 Rd8 38. Kf3 Rh5 39. Rh1 g5 40. Kg4 Rxh4+ 41. Rxh4
gxh4 42. Kxh4 Kf8 43. Rg3 Ke7 44. Rg7+ Kd6 45. Rxa7 Bxc4 46. Kg4 Ke5 47. Kf3 f5
48. Bxf5 Bxd5 49. exd5 Kxf5 50. Ra6 Ke5 51. Rxb6 Ra8 52. d6 Ke6 53. d7+ Kxd7 54.
Ke4 Rxa4+ 55. Kd5 Ke7 56. Kxc5 {Game drawn by mutual agreement} 1/2-1/2

[Event "Team 45 45 League T42"]
[Site "Internet Chess Club"]
[Date "2009.08.15"]
[Round "3"]
[White "fledermaus"]
[Black "Ser-Enigma"]
[Result "0-1"]
[WhiteElo "1977"]
[BlackElo "2177"]
[Opening "Caro-Kann: Steinitz variation"]
[ECO "B17"]
[Time "11:10:19"]
[TimeControl "2700+45"]

1. e4 c6 2. d4 d5 3. Nc3 dxe4 4. Nxe4 Nd7 5. Nf3 Ngf6 6. Nxf6+ Nxf6 7. Ne5 Be6
8. Be2 g6 9. c4 Bg7 10. Be3 O-O 11. O-O Ne4 12. Qc2 Nd6 13. Rfd1 Nf5 14. Qe4
Nxe3 15. Qxe3 Qb6 16. b3 Rad8 17. Rac1 Bc8 18. c5 Qc7 19. Bc4 e6 20. Qf4 Qe7 21.
b4 Kh8 22. Bb3 f6 23. Qh4 Kg8 24. Nc4 Rd5 25. Nd6 Rxd6 26. cxd6 Qxd6 27. b5 cxb5
28. Qg3 Qd8 29. Qc7 Kh8 30. d5 exd5 31. Rxd5 Qxc7 32. Rxc7 Re8 33. h3 Bh6 34.
Kh2 Bf4+ {White resigns} 0-1

[Event "Team 45 45 League T42"]
[Site "Internet Chess Club"]
[Date "2009.08.13"]
[Round "3"]
[White "gaibo4ever"]
[Black "Holzschlange"]
[Result "0-1"]
[WhiteElo "1986"]
[BlackElo "1894"]
[Opening "KGA: Becker defense"]
[ECO "C34"]
[Time "11:00:07"]
[TimeControl "2700+45"]

1. e4 e5 2. f4 exf4 3. Nf3 h6 4. Bc4 d6 5. h4 Be7 6. d4 Bg4 7. Bxf4 Bxh4+ 8. g3
Bf6 9. Nbd2 g5 10. Be3 Nc6 11. c3 Nge7 12. b4 d5 13. Be2 dxe4 14. Nxe4 Nd5 15.
Bd2 Bg7 16. Qc2 Qe7 17. b5 Na5 18. c4 Nxc4 19. Qxc4 Qxe4 20. O-O-O O-O-O 21.
Rhf1 Ne3 22. Bxe3 Qxe3+ 23. Kb1 Bxf3 24. Rxf3 Qe4+ 25. Kc1 Rxd4 26. Qxf7 Rxd1+
27. Bxd1 Qd4 28. Qb3 Rd8 29. Qe6+ Kb8 30. Qe2 Qa1+ 31. Kc2 Qb2# {White
checkmated} 0-1

[Event "Team 45 45 League T42"]
[Site "Internet Chess Club"]
[Date "2009.08.16"]
[Round "3"]
[White "keisher415"]
[Black "frothyjowels"]
[Result "1-0"]
[WhiteElo "2070"]
[BlackElo "2350"]
[Opening "KP: Nimzovich defense"]
[ECO "B00"]
[Time "09:02:13"]
[TimeControl "2700+45"]

1. e4 Nc6 2. Nf3 d6 3. Bc4 Nf6 4. d3 g6 5. Ng5 e6 6. a3 Bg7 7. O-O O-O 8. f4 d5
9. Ba2 h6 10. exd5 Nxd5 11. Nf3 Qd6 12. g3 b6 13. d4 Bb7 14. c3 Rad8 15. Qe2 Nb8
16. Nbd2 c5 17. Ne4 Qc6 18. dxc5 bxc5 19. Ne5 Nxc3 {Black resigns} 1-0

[Event "Team 45 45 League T42"]
[Site "Internet Chess Club"]
[Date "2009.08.14"]
[Round "3"]
[White "eurander"]
[Black "DTK"]
[Result "0-1"]
[WhiteElo "2210"]
[BlackElo "2184"]
[Opening "Queen's pawn game"]
[ECO "A46"]
[Time "19:01:20"]
[TimeControl "2700+45"]

1. d4 Nf6 2. Nf3 c5 3. c3 b6 4. Bg5 g6 5. dxc5 bxc5 6. Bxf6 exf6 7. Qd5 Nc6 8.
Nbd2 Rb8 9. Nc4 Qc7 10. O-O-O Bb7 11. Qe4+ Ne5 12. Qe3 d6 13. Nfxe5 fxe5 14. f4
e4 15. f5 d5 16. Nd2 d4 17. Qg3 Bd6 18. Qh3 Bc8 19. c4 Bxf5 20. g4 Be6 21. e3
dxe3 22. Nb3 h5 23. Be2 Be5 24. Kb1 Bd4 25. Qg3 Qb6 26. Qg2 hxg4 27. Qxe4 a5 28.
Qc2 O-O 29. Nxd4 cxd4 30. Rhg1 Rfc8 31. b3 a4 32. Bxg4 axb3 33. axb3 Rxc4 34.
Bxe6 Rxc2 35. Rxg6+ Kf8 36. Rf6 Ke7 {White resigns} 0-1